 Dungeon Crawl Stone Soup version 0.28.0-45-g0d030f2227 (webtiles) character file.

Game seed: 8731057074733888452

107903 pkoi the Destroyer (level 15, -1/118 HPs)
             Began as a Demigod Conjurer on Apr 22, 2022.
             Killed from afar by a will-o-the-wisp (13 damage)
             ... with a foxfire
             ... on level 1 of the Swamp.
             The game lasted 01:34:30 (46510 turns).

pkoi the Destroyer (Demigod Conjurer)              Turns: 46510, Time: 01:34:30

Health: -1/118     AC: 11    Str:  8    XL:     15   Next: 53%
Magic:  25/41      EV: 13    Int: 40    God:
Gold:   1987       SH:  0    Dex: 15    Spells: 2/31 levels left

rFire   + . .      SeeInvis .   I - +1 flail "Sarcophage" {vorpal, rElec rCorr Dex+3}
rCold   . . .      Faith    .   (no shield)
rNeg    . . .      Spirit   .   Y - +0 swamp dragon scales
rPois   +          Reflect  .   a - +0 helmet "Azuog" {Regen+ Stlth+}
rElec   +          Harm     .   n - scarf {repulsion}
rCorr   +          Rampage  .   i - +0 pair of gloves
Will    +....                   (no boots)
Stlth   ++++......              w - amulet of magic regeneration
HPRegen 1.09/turn               j - ring of magical power
MPRegen 0.67/turn               l - ring of protection from fire

@: repel missiles
A: high MP 1, forlorn, divine attributes
a: no special abilities


You were on level 1 of the Swamp.
You visited 4 branches of the dungeon, and saw 23 of its levels.
You also visited: Sewer and Ice Cave.

You collected 1987 gold pieces.

Inventory:

Hand Weapons
 e - a +0 short sword of venom
 I - the +1 flail "Sarcophage" (weapon) {vorpal, rElec rCorr Dex+3}
   (You found it on level 7 of the Dungeon)

   It inflicts extra damage upon your enemies.
   Dex:       It affects your dexterity (+3).
   rElec:     It insulates you from electricity.
   rCorr:     It protects you from acid and corrosion.
Missiles
 d - 41 poisoned darts
 G - 10 curare-tipped darts
 W - a throwing net
Armour
 a - the +0 helmet "Azuog" (worn) {Regen+ Stlth+}
   (You acquired it on level 5 of the Dungeon)

   Regen:     It increases your rate of health regeneration.
   Stlth:     It makes you more stealthy.
 i - a +0 pair of gloves (worn)
 n - a scarf of repulsion (worn)
 q - a +0 leather armour of resistance
 E - a +1 robe of resistance
 Y - +0 swamp dragon scales (worn)
Jewellery
 h - a ring of see invisible
 j - a ring of magical power (left hand)
 l - a ring of protection from fire (right hand)
 s - a ring of fire
 w - an amulet of magic regeneration (around neck)
 x - a ring of protection from cold
 z - an amulet of regeneration
 J - a ring of positive energy
 M - a ring of resist corrosion
 V - a ring of ice
 X - a +4 ring of protection
Wands
 g - a wand of iceblast (6)
 L - a wand of flame (60)
 N - a wand of acid (19)
 Q - a wand of polymorph (6)
 U - a wand of paralysis (5)
Scrolls
 m - 5 scrolls of fear
 p - 3 scrolls of enchant weapon
 r - 7 scrolls of teleportation
 t - 9 scrolls of identify
 y - 2 scrolls of magic mapping
 B - 2 scrolls of fog
 C - 4 scrolls of summoning
 D - 8 scrolls of blinking
 F - 2 scrolls of amnesia
 H - a scroll of silence
 S - a scroll of holy word
Potions
 b - 6 potions of flight
 f - 12 potions of curing
 k - 6 potions of ambrosia
 o - 7 potions of might
 u - 3 potions of brilliance
 v - 2 potions of heal wounds
 A - 5 potions of resistance
 K - 3 potions of haste
 O - a potion of cancellation
 P - 2 potions of invisibility
 R - a potion of magic
 T - 2 potions of berserk rage {unknown}
Miscellaneous
 c - a phantom mirror


   Skills:
 - Level 7.0 Fighting
 - Level 7.0 Armour
 - Level 8.0 Dodging
 - Level 6.0 Stealth
 + Level 8.9 Spellcasting
 + Level 11.7 Conjurations
 - Level 10.0 Hexes
 - Level 8.0 Translocations
 + Level 8.7 Transmutations
 + Level 7.4 Fire Magic
 - Level 3.0 Air Magic
 - Level 3.0 Poison Magic
 - Level 6.0 Evocations


You had 2 spell levels left.
You knew the following spells:

 Your Spells              Type           Power      Damage    Failure   Level
a - Magic Dart            Conj           100%       1d8       1%          1
b - Inner Flame           Hex/Fire       73%        N/A       1%          3
c - Iskenderun's Mystic   Conj/Tloc      77%        2d15      1%          4
d - Fulminant Prism       Conj/Hex       40%        3d20      1%          4
e - Passage of Golubria   Tloc           69%        N/A       1%          4
f - Yara's Violent Unrav  Hex/Tmut       37%        3d15      3%          5
g - Apportation           Tloc           100%       N/A       1%          1
h - Irradiate             Conj/Tmut      39%        3d27      2%          5
i - Poisonous Vapours     Pois/Air       82%        N/A       2%          2

Your spell library contained the following spells:

 Spells                   Type           Power      Damage    Failure   Level
 Foxfire                  Conj/Fire      100%       2x1d9     1%          1
 Sting                    Tmut/Pois      100%       1d8       1%          1
 Searing Ray              Conj           100%       2d8       1%          2
 Wereblood                Tmut           72%        N/A       1%          2
 Corpse Rot               Necr/Air       58%        N/A       4%          2
 Summon Small Mammal      Summ           68%        N/A       5%          1
 Sublimation of Blood     Necr           17%        N/A       8%          2
 Conjure Flame            Conj/Fire      76%        6-21      1%          3
 Dazzling Flash           Conj/Hex       100%       N/A       1%          3
 Gell's Gravitas          Tloc           69%        N/A       1%          3
 Summon Guardian Golem    Hex/Summ       55%        N/A       1%          3
 Teleport Other           Tloc           69%        N/A       1%          3
 Tukima's Dance           Hex            78%        N/A       1%          3
 Flame Wave               Conj/Fire      76%        2d14      1%          4
 Iskenderun's Battlesphe  Conj           84%        2d13      1%          5
 Fireball                 Conj/Fire      38%        3d16      2%          5
 Leda's Liquefaction      Hex/Erth       27%        N/A       7%          4
 Petrify                  Tmut/Erth      51%        N/A       9%          4
 Silence                  Hex/Air        31%        N/A       10%         5
 Alistair's Intoxication  Tmut/Pois      39%        N/A       13%         5
 Call Canine Familiar     Summ           17%        N/A       16%         3
 Olgreb's Toxic Radiance  Pois           41%        N/A       16%         4
 Summon Forest            Summ/Tloc      24%        N/A       28%         5
 Dispersal                Tloc           34%        N/A       30%         6
 Orb of Destruction       Conj           42%        9d12      34%         7
 Conjure Ball Lightning   Conj/Air       33%        3x3d11    36%         6
 Dispel Undead            Necr           17%        3d10      45%         4
 Eringya's Noxious Bog    Tmut/Pois      29%        N/A       56%         6
 Statue Form              Tmut/Erth      34%        N/A       78%         6
 Agony                    Necr           17%        N/A       82%         5
 Lee's Rapid Deconstruct  Erth           8%         3d8*      82%         5
 Death Channel            Necr           8%         N/A       100%        6
 Summon Hydra             Summ           8%         N/A       100%        7


Dungeon Overview and Level Annotations

Branches:
Dungeon (14/15)            Temple (1/1) D:7            Lair (6/6) D:8
  Swamp (2/4) Lair:3       Spider (0/4) Lair:3        Slime (0/5) Lair:5
    Orc (0/2) D:10         Vaults (0/5) D:14          Sewer (visited)
  IceCv (visited)

Portals:
Abyss: Lair:6

Annotations:
D:11 2 transporters, Tiocfaidh's ghost, journeyman DrEE
D:14 exclusion: obsidian statue


Innate Abilities, Weirdness & Mutations

You have an increased reservoir of magic. (+10% MP)
You shall have no god before yourself.
Your divine heritage dramatically boosts your attributes as you level up.


Message History

The will-o-the-wisp conjures some foxfire!
Your fulminant prism crackles loudly.
The foxfire hits you! You resist.
* * * LOW HITPOINT WARNING * * *
2 foxfires come into view.
The foxfire hits you! You resist.
* * * LOW HITPOINT WARNING * * *
The foxfire hits you! You resist.
* * * LOW HITPOINT WARNING * * *
The will-o-the-wisp gestures.
The will-o-the-wisp conjures some foxfire!
Your fulminant prism explodes!
The blast of energy engulfs the will-o-the-wisp!!
The will-o-the-wisp is severely damaged.
Your fulminant prism crackles loudly. 2 foxfires come into view.
Unknown command.
Casting: Fulminant Prism (mildly dangerous; 1% risk of failure)
Confirm with . or Enter, or press ? or * to list all spells.
You erupt in a blast of force!
The mystic blast hits the will-o-the-wisp.
The will-o-the-wisp is almost destroyed.
The will-o-the-wisp is knocked back by the mystic blast.
The foxfire hits you! You resist.
* * * LOW HITPOINT WARNING * * *
The foxfire hits you! You resist.
* * * LOW HITPOINT WARNING * * *
The will-o-the-wisp gestures.
The will-o-the-wisp conjures some foxfire!
Your fulminant prism explodes! 2 foxfires come into view.
Casting: Iskenderun's Mystic Blast (mildly dangerous; 1% risk of failure)
Confirm with . or Enter, or press ? or * to list all spells.
You erupt in a blast of force!
The mystic blast hits the will-o-the-wisp!
You destroy the will-o-the-wisp!
The foxfire hits you! You resist.
* * * LOW HITPOINT WARNING * * *
The foxfire hits you! You resist.
You die...

§≈≈≈≈≈≈≈≈≈§≈≈≈..♣♣≈...≈≈.≈≈.♣
≈≈≈≈≈.≈≈≈§≈≈≈≈≈..♣♣..≈§≈≈≈≈.♣
..≈≈≈....≈..≈≈§§.....≈≈≈≈...♣♣
..†≈≈≈.≈.....≈≈≈..≈≈≈≈≈≈≈...≈♣§≈
..≈≈≈≈≈≈.♣♣♣.≈≈≈..≈≈≈≈≈≈........♣
..≈≈≈§÷≈≈♣ ♣.≈≈..♣§§≈.≈♣♣♣≈..≈≈..
...≈...≈≈♣ ♣.≈≈≈.......♣ ♣♣≈≈≈≈≈.
≈≈≈≈..≈≈≈♣ ♣♣♣≈≈>..≈.≈≈♣§♣.≈≈≈≈>.
..[≈≈≈.♣♣♣ ♣♣♣..@....♣♣♣.....≈≈≈.
...≈≈.♣♣ ♣≈≈..v§.♣♣♣♣.....≈≈≈§.
≈≈..♣♣♣ ♣≈.≈≈≈§§≈♣♣...≈≈.§§..≈
≈≈≈..♣♣♣..≈...≈≈≈[§§v.≈≈^≈..≈≈≈..
≈≈≈...♣..≈≈≈≈≈≈≈...§§≈≈≈≈..≈.≈≈..
≈≈≈..♣≈≈.≈≈≈♣♣.≈....§≈≈≈≈...≈≈≈.≈
≈≈≈≈♣≈.≈♣≈..§≈≈..≈≈≈≈≈.≈≈≈≈..
≈..≈≈≈≈≈≈♣.≈♣≈≈≈.≈≈≈≈≈.≈≈≈≈§≈≈..≈
≈..≈≈≈≈≈≈≈..♣.≈..≈≈≈≈...≈......[≈


You could see a will-o-the-wisp.

Vanquished Creatures
  Rupert (D:14)
  3 eleionomae (Swamp:1)
  A bunyip (Swamp:1)
  Fannar (D:12)
  An ice dragon (Lair:6)
  4 boulder beetles
  12 hydras
  2 ironbound frosthearts (IceCv)
  A ghost crab (Swamp:1)
  3 centaur warriors (D:13)
  A death knight (D:12)
  3 tengu warriors (D:14)
  2 alligators
  2 two-headed ogres
  Urug (Lair:3)
  8 death yaks
  2 thrashing horrors (Lair:6)
  Sonja (Lair:3)
  5 skeletal warriors (D:14)
  3 goliath frogs
  A sea snake (shapeshifter) (D:14)
  A spriggan druid (Swamp:2)
  A swamp dragon (Swamp:1)
  A wizard (D:14)
  A phantasmal warrior (D:14)
  A lindwurm (Lair:4)
  2 deep elf pyromancers
  An oklob plant (Lair:1)
  A wolf spider (D:10)
  An orc knight (D:8)
  8 cyclopes
  A manticore (D:12)
  20 ugly things
  3 large abominations (Lair:6)
  2 will-o-the-wisps
  5 black mambas
  3 elephants
  An ice statue (IceCv)
  16 cane toads
  2 smoke demons (Lair:6)
  4 rime drakes
  A gargoyle (D:10)
  9 komodo dragons
  An unseen horror (D:13)
  An unseen horror (shapeshifter) (D:10)
  4 kobold demonologists
  4 efreet
  An ancient zyme (Lair:6)
  A bloated husk (Swamp:1)
  13 polar bears
  2 tyrant leeches
  A blink frog (shapeshifter) (D:14)
  26 blink frogs
  A hornet (Swamp:2)
  A meliai zombie (D:8)
  11 dream sheep (Lair:6)
  3 slime creatures
  A shadow (D:11)
  4 wyverns
  3 spriggans
  2 ynoxinuls (Lair:6)
  Grum (D:9)
  2 wraiths (D:12)
  5 basilisks
  85 yaks
  2 steam dragons (D:7)
  25 vampire mosquitoes
  2 chaos spawn (Lair:6)
  2 wargs (D:8)
  4 swamp worms (Swamp:1)
  16 water moccasins
  12 small abominations (Lair:6)
  2 acid dragons
  5 orc warriors
  3 sky beasts
  An ice beast (D:7)
  3 black bears
  A boggart (D:10)
  2 ogres
  24 wolves
  7 centaurs
  A phantom (D:7)
  8 kobold brigands
  11 bullfrogs
  A wyvern zombie (D:7)
  3 scorpions (Lair:3)
  2 water moccasin skeletons
  A killer bee (D:8)
  3 howler monkeys
  9 wights
  4 electric eels (Lair:6)
  5 centaur zombies
  4 orc priests
  A jelly (Lair:5)
  3 hounds
  2 bullfrog skeletons
  Terence (D:2)
  13 orc wizards
  An iguana (D:6)
  2 hound skeletons
  A howler monkey skeleton (D:5)
  9 adders
  2 river rats (Sewer)
  2 shadow imps
  3 white imps (Lair:6)
  2 ufetubi
  An adder skeleton (D:4)
  4 worms
  A dart slug (D:2)
  37 orcs
  19 ball pythons
  5 endoplasms
  10 giant cockroaches
  4 goblins
  3 hobgoblins
  3 jackals
  20 kobolds
  A quokka (D:2)
  2 bats
  8 frilled lizards
  23 rats
  5 bushes
  3 fulminant prisms
670 creatures vanquished.

Vanquished Creatures (others)
  A tyrant leech (Swamp:1)
  29 foxfires
  205 fulminant prisms
  71 fungi
  108 plants
414 creatures vanquished.

Grand Total: 1084 creatures vanquished

Notes
Turn   | Place    | Note
-------+----------+-------------------------------------------
     0 | D:1      | pkoi the Demigod Conjurer began the quest for the Orb.
     0 | D:1      | Reached XP level 1. HP: 14/14 MP: 5/5
   420 | D:1      | Reached skill level 4 in Conjurations
   570 | D:1      | Reached XP level 2. HP: 20/20 MP: 5/7
   958 | D:2      | Noticed Terence
  1887 | D:3      | Reached XP level 3. HP: 26/26 MP: 3/8
  2415 | D:2      | Reached skill level 5 in Conjurations
  2864 | D:3      | Reached XP level 4. HP: 22/33 MP: 2/9
  3064 | D:3      | Learned a level 2 spell: Searing Ray
  3526 | D:4      | Noticed an ogre
  3778 | D:4      | Reached skill level 6 in Conjurations
  3778 | D:4      | Reached XP level 5. HP: 38/38 MP: 5/10
  4507 | D:4      | Noticed a black bear
  4529 | D:4      | Killed a black bear
  4530 | D:4      | Reached skill level 7 in Conjurations
  4530 | D:4      | Reached XP level 6. HP: 41/45 MP: 3/11
  4561 | D:4      | Learned a level 4 spell: Iskenderun's Mystic Blast
  4610 | D:4      | Reached skill level 1 in Translocations
  5036 | D:5      | Entered Level 5 of the Dungeon
  5115 | D:5      | Found a glowing drain.
  5142 | Sewer    | Entered a sewer
  6281 | Sewer    | Reached XP level 7. HP: 39/50 MP: 7/14
  7350 | D:5      | Learned a level 4 spell: Fulminant Prism
  7705 | D:5      | Identified a scroll of acquirement
  7705 | D:5      | Acquired the +0 helmet "Azuog" {Regen+ Stlth+}
  8375 | D:5      | Reached skill level 8 in Conjurations
  8375 | D:5      | Reached skill level 1 in Hexes
  8671 | D:6      | Reached XP level 8. HP: 57/57 MP: 1/17
 10065 | D:7      | Identified the +1 flail "Sarcophage" {vorpal, rElec rCorr
                  | Dex+3}
 10123 | D:7      | Found a staircase to the Ecumenical Temple.
 10159 | Temple   | Entered the Ecumenical Temple
 10542 | D:7      | Reached skill level 5 in Translocations
 11238 | D:7      | Reached XP level 9. HP: 55/62 MP: 10/18
 11591 | D:8      | Reached skill level 5 in Hexes
 11982 | D:8      | Learned a level 4 spell: Passage of Golubria
 12090 | D:8      | Reached skill level 1 in Fighting
 12093 | D:8      | Reached skill level 1 in Armour
 12319 | D:8      | Found a staircase to the Lair.
 13398 | D:8      | Noticed an orc knight
 13862 | D:8      | Noticed a deep elf pyromancer
 13876 | D:8      | Killed a deep elf pyromancer
 14011 | D:8      | Killed an orc knight
 14012 | D:8      | Reached XP level 10. HP: 75/75 MP: 1/19
 15077 | D:9      | Noticed Grum
 15086 | D:9      | Killed Grum
 16510 | Lair:1   | Entered Level 1 of the Lair of Beasts
 17065 | Lair:1   | Reached skill level 5 in Spellcasting
 17099 | Lair:1   | Noticed a six-headed hydra
 17233 | Lair:1   | Noticed a five-headed hydra
 17333 | Lair:1   | Killed a five-headed hydra
 17334 | Lair:1   | Reached XP level 11. HP: 69/82 MP: 0/22
 17507 | Lair:1   | Learned a level 3 spell: Inner Flame
 17579 | Lair:1   | Reached skill level 9 in Conjurations
 17579 | Lair:1   | Reached skill level 1 in Fire Magic
 17854 | Lair:1   | Killed a six-headed hydra
 18127 | Lair:1   | Learned a level 5 spell: Yara's Violent Unravelling
 18416 | Lair:2   | Reached skill level 1 in Evocations
 18421 | Lair:2   | Reached skill level 1 in Transmutations
 20782 | Lair:3   | Noticed a boulder beetle
 21211 | Lair:3   | Noticed Sonja
 21278 | Lair:3   | Killed Sonja
 21297 | Lair:3   | Noticed a seven-headed hydra
 21394 | Lair:2   | Killed a boulder beetle
 21497 | Lair:3   | Killed a seven-headed hydra
 22109 | Lair:3   | Reached XP level 12. HP: 72/92 MP: 2/25
 22112 | Lair:3   | You fall into a shaft and drop 2 floors!
 22429 | Lair:4   | Noticed a seven-headed hydra
 22453 | Lair:4   | Found a frozen archway.
 22462 | IceCv    | Entered an ice cave
 23620 | IceCv    | Reached skill level 5 in Fighting
 23976 | IceCv    | Reached skill level 10 in Conjurations
 24459 | IceCv    | Noticed an ironbound frostheart
 24463 | IceCv    | Killed an ironbound frostheart
 24761 | IceCv    | Noticed an ironbound frostheart
 24802 | IceCv    | Killed an ironbound frostheart
 25637 | IceCv    | Reached skill level 5 in Dodging
 25826 | Lair:4   | Killed a seven-headed hydra
 25860 | Lair:4   | Reached skill level 5 in Transmutations
 26026 | Lair:3   | Noticed Urug
 26044 | Lair:3   | Killed Urug
 26045 | Lair:3   | Reached XP level 13. HP: 97/101 MP: 2/27
 26924 | Lair:3   | Reached skill level 5 in Armour
 27249 | Lair:3   | Found a staircase to the Swamp.
 27262 | Lair:3   | Found a hole to the Spider Nest.
 27903 | Lair:4   | Reached skill level 10 in Hexes
 28007 | Lair:4   | Identified the +7 chain mail of Jyexic {rN+}
 30258 | Lair:5   | Found a staircase to the Slime Pits.
 30977 | Lair:6   | Entered Level 6 of the Lair of Beasts
 30994 | Lair:6   | Reached skill level 5 in Fire Magic
 30995 | Lair:6   | Reached skill level 5 in Evocations
 31134 | Lair:6   | Reached skill level 5 in Stealth
 31781 | Lair:6   | Reached XP level 14. HP: 111/111 MP: 11/29
 33339 | Lair:6   | Found a one-way gate to the infinite horrors of the Abyss.
 34599 | D:2      | Killed Terence
 35280 | D:10     | Entered Level 10 of the Dungeon
 35557 | D:10     | Found a staircase to the Orcish Mines.
 35712 | D:10     | Learned a level 1 spell: Apportation
 37305 | D:11     | Noticed Tiocfaidh's ghost (journeyman DrEE)
 37307 | D:11     | Found a transporter.
 37326 | D:11     | Found a transporter.
 39218 | D:12     | Learned a level 5 spell: Irradiate
 39221 | D:12     | Learned a level 2 spell: Poisonous Vapours
 39871 | D:12     | Reached skill level 11 in Conjurations
 40000 | D:12     | Noticed Fannar
 40010 | D:12     | Killed Fannar
 41681 | D:14     | Reached skill level 1 in Air Magic
 41681 | D:14     | Reached skill level 1 in Poison Magic
 41704 | D:14     | Noticed Rupert
 42467 | D:14     | Reached XP level 15. HP: 118/118 MP: 32/32
 43496 | D:14     | Found a gate to the Vaults.
 44229 | D:14     | Paralysed by Rupert for 2 turns
 44248 | D:14     | Killed Rupert
 44646 | Swamp:1  | Entered Level 1 of the Swamp
 46510 | Swamp:1  | Killed from afar by a will-o-the-wisp

Illustrated notes

Levels and vault maps discovered:
D:1:      dpeg_arrival_concentric_ovals, layout_loops_cross, minmay_hexomino_p4
D:2:      minmay_general_purpose_star, layout_loops_corners, basic_altar,
          uniq_terence
D:3:      layout_basic, grunt_ministairs_15, roderic_roman_lattice,
          lemuel_another_geyser
D:4:      layout_basic
D:5:      layout_layer_cave, gup_sewer_entry_glass, hangedman_decor_push,
          minmay_crystal_room, kennysheep_minor_cross
D:6:      layout_loops_ring, minivault_11
D:7:      layout_cave_pods, minmay_temple_entry_ruins
D:8:      nzn_winding_woodlands_three_and_one
          [nzn_winding_woodlands_5x15_parted,
          nzn_winding_woodlands_5x15_sidewinder,
          nzn_winding_woodlands_5x15_pathside_ponds,
          nzn_winding_woodlands_center_diamonds], layout_basic, trog_book,
          erik_lair_orcish_takeover
D:9:      layout_irregular_city, minmay_strange_pillars, serial_bayou_pond_a,
          uniq_maggie, uniq_grum
D:10:     layout_roguey, minmay_orc_entry_temple_small, minivault_28
D:11:     layout_loops_ring, gammafunk_ghost_wrathful_warriors,
          kennysheep_orc_sif_temple
D:12:     layout_grid_maze, uniq_fannar
D:13:     layout_irregular_city, hive_lemuel
D:14:     layout_loops_ring, david_vaults_4, dk_noncrumbling_2, minivault_16,
          kennysheep_generic_room_15, uniq_rupert
Temple:   mainiacjoe_temple_hex_bubbles
Lair:1:   wander_river, layout_chaotic_city, minmay_lair_oklob_bushes
Lair:2:   layout_hall_layers, basic_altar, grunt_megastairs_5,
          lemuel_fruit_tree, infiniplex_staircase_pool_2
Lair:3:   layout_gridlike, swamp_mist_pool, nicolae_spider_entry_non_spiders,
          lightli_volcano_entry_magma_tube, basic_altar, uniq_sonja, uniq_urug
Lair:4:   layout_regular_city, portal_ice_cave_entry_pillars_2,
          minmay_lair_drake_nest
Lair:5:   layout_loops_ring, minmay_slime_entry_pillars,
          grunt_forest_stairs_basic, nicolae_lair_grove_arrangements,
          lemuel_fruit_fields
Lair:6:   hellmonk_lair_end_abyssal_woods, layout_regular_city,
          bobbens_ice_dragon_lair, infiniplex_staircase_pool,
          grunt_megastairs_3, serial_bayou_shore_a, lemuel_fruit_fields
Swamp:1:  layout_basic_swamp, nicolae_swamp_trees_clearing, swamp_pool1
Swamp:2:  layout_basic_swamp, evilmike_swamp_ruin_house_2, uniq_aizul

Skill      XL: |  1  2  3  4  5  6  7  8  9 10 11 12 13 14 15 |
---------------+----------------------------------------------+-----
Conjurations   | 4 5 6 7 8 9 10 11 | 11.7
Spellcasting   | 2 3 4 5 6 7 8 |  8.9
Translocations | 2 3 5 6 8 |  8.0
Hexes          | 1 4 6 7 8 9 10 | 10.0
Stealth        | 3 4 5 6 |  6.0
Dodging        | 3 5 7 8 |  8.0
Fighting       | 2 3 4 5 6 7 |  7.0
Armour         | 2 3 4 6 7 |  7.0
Fire Magic     | 3 4 5 6 7 |  7.4
Evocations     | 3 4 5 6 |  6.0
Transmutations | 2 5 6 7 8 |  8.7
Air Magic      | 1 3 |  3.0
Poison Magic   | 1 3 |  3.0

Action                   |  1- 3 |  4- 6 |  7- 9 | 10-12 | 13-15 || total
-------------------------+-------+-------+-------+-------+-------++-------
Melee: Long sword        |     2 |       |       |       |       ||     2
       Quarterstaff      |       |    16 |     3 |       |       ||    19
       Flail             |       |       |     4 |    37 |    26 ||    67
       Dagger            |       |       |       |    15 |       ||    15
       Punch             |       |       |       |       |     2 ||     2
 Cast: Magic Dart        |    80 |    94 |   106 |    70 |   329 ||   679
       Searing Ray       |       |    13 |    31 |     2 |       ||    46
       Iskenderun's Myst |       |     1 |    24 |   108 |   292 ||   425
       Fulminant Prism   |       |       |    28 |    73 |   107 ||   208
       Inner Flame       |       |       |       |    51 |   233 ||   284
       Yara's Violent Un |       |       |       |     4 |    27 ||    31
       Apportation       |       |       |       |       |     1 ||     1
       Irradiate         |       |       |       |       |     1 ||     1
  Use: Scroll            |     5 |     6 |     3 |    17 |     4 ||    35
       Potion            |       |       |       |     1 |       ||     1
Armor: Robe              |     2 |    17 |    24 |    34 |    31 ||   108
       Leather armour    |       |       |       |       |    10 ||    10
       Swamp dragon scal |       |       |       |       |     1 ||     1
Dodge: Dodged            |     6 |    53 |    72 |   145 |   188 ||   464
       Repelled          |       |       |       |     3 |     7 ||    10
